 Dungeon Crawl Stone Soup version 0.22.0 (webtiles) character file.

112 Blackhawk the Shield-Bearer (level 4, -2/41 HPs)
             Began as a Gnoll Fighter on Oct 21, 2018.
             Succumbed to an orc wizard's poison
             ... on level 3 of the Dungeon.
             The game lasted 00:02:45 (1961 turns).

Blackhawk the Shield-Bearer (Gnoll Fighter)         Turns: 1961, Time: 00:02:46

Health: -2/41      AC:  7    Str: 20    XL:     4   Next: 95%
Magic:  5/5        EV:  8    Int: 10    God:
Gold:   126        SH: 11    Dex: 14    Spells: 5/5 levels left

rFire    . . .     SeeInvis .   a - +0 war axe
rCold    . . .     Gourm    .   c - +0 shield
rNeg     . . .     Faith    .   b - +0 scale mail
rPois    .         Spirit   .   (no helmet)
rElec    .         Reflect  .   (no cloak)
rCorr    .         Harm     .   (no gloves)
MR       .....                  (no boots)
Stlth    ..........             (no amulet)
HPRegen  0.13/turn              (no ring)
MPRegen  0.09/turn              (no ring)

@: lethally poisoned (-2 -> -35)
A: distributed training, fangs 1, strong nose
a: no special abilities


You were on level 3 of the Dungeon.
You were hungry.

You visited 1 branch of the dungeon, and saw 3 of its levels.

You collected 126 gold pieces.

Inventory:

Hand Weapons
 a - a +0 war axe (weapon)
 k - a +0 antimagic mace
Missiles
 h - 139 stones (quivered)
Armour
 b - a +0 scale mail (worn)
 c - a +0 shield (worn)
Jewellery
 j - an uncursed ring of flight {unknown}
Scrolls
 e - 4 scrolls of magic mapping {unknown}
 g - 5 scrolls of identify {unknown}
 m - a scroll of immolation {unknown}
 n - a scroll of teleportation {unknown}
 q - a scroll of remove curse {unknown}
 r - a scroll of fog {unknown}
 s - a scroll of enchant weapon {unknown}
Potions
 d - a potion of might
 i - a potion of mutation {unknown}
 l - a potion of degeneration {unknown}
 o - 2 potions of brilliance {unknown}
Comestibles
 f - 5 rations
 p - 2 chunks of flesh


   Skills:
 + Level 6.6 Fighting
 + Level 1.2 Short Blades
 + Level 1.2 Long Blades
 + Level 4.7 Axes
 + Level 1.2 Maces & Flails
 + Level 1.2 Polearms
 + Level 1.2 Staves
 + Level 1.2 Slings
 + Level 1.2 Bows
 + Level 1.2 Crossbows
 + Level 1.2 Throwing
 + Level 6.6 Armour
 + Level 1.2 Dodging
 + Level 1.2 Stealth
 + Level 6.6 Shields
 + Level 1.2 Unarmed Combat
 + Level 1.2 Spellcasting
 + Level 1.0 Conjurations
 + Level 1.0 Hexes
 + Level 1.0 Charms
 + Level 1.0 Summonings
 + Level 1.0 Necromancy
 + Level 1.0 Translocations
 + Level 1.0 Transmutations
 + Level 1.0 Fire Magic
 + Level 1.0 Ice Magic
 + Level 1.0 Air Magic
 + Level 1.0 Earth Magic
 + Level 1.0 Poison Magic
 + Level 1.4 Invocations
 + Level 1.2 Evocations


You had 5 spell levels left.
You didn't know any spells.
Your spell library was empty.

Dungeon Overview and Level Annotations

Branches:
Dungeon (3/15)

Altars:


Innate Abilities, Weirdness & Mutations

Your experience applies equally to all skills.
You have very sharp teeth.
Your uncanny sense of smell can sniff out nearby items.


Message History

The orc hits you but does no damage. Something hits you.
* * * LOW HITPOINT WARNING * * *
You block the orc priest's attack.
You hit the orc priest. You bite the orc priest.
The orc priest is almost dead.
You completely miss the orc. You slash something!
Reactivating autopickup.
Your Conjurations skill increases to level 1!
Your Hexes skill increases to level 1!
Your Charms skill increases to level 1!
Your Summonings skill increases to level 1!
Your Necromancy skill increases to level 1!
Your Translocations skill increases to level 1!
Your Transmutations skill increases to level 1!
Your Fire Magic skill increases to level 1!
Your Ice Magic skill increases to level 1!
Your Air Magic skill increases to level 1!
Your Earth Magic skill increases to level 1!
Your Poison Magic skill increases to level 1!
You feel a bit more experienced.
You die...

###### ##### #....#
#...############## #....#
#..>'.)@(..)......
#....###...#.oo..........
+.....##...#(########....
#.....##.......# ###
+.....##.......#
#.....###......# ∆
##+##.# ##'#'###
####.##.####.#.####
.................... ∆


You could see an orc priest and an orc.

Vanquished Creatures
  An orc wizard (D:3)
  4 adders
  A dart slug (D:1)
  A leopard gecko (D:1)
  An orc (D:3)
  A ball python (D:2)
  5 bats
  A giant cockroach (D:2)
  6 goblins
  4 hobgoblins
  4 jackals (D:1)
  6 kobolds
  A quokka (D:2)
  3 frilled lizards
  8 rats
47 creatures vanquished.

Notes
Turn   | Place    | Note
-------+----------+-------------------------------------------
     0 | D:1      | Blackhawk the Gnoll Fighter began the quest for the Orb.
     0 | D:1      | Reached XP level 1. HP: 23/23 MP: 1/1
   248 | D:1      | Reached XP level 2. HP: 29/29 MP: 2/2
   699 | D:1      | Reached XP level 3. HP: 33/35 MP: 3/3
  1305 | D:2      | Reached skill level 1 in Invocations
  1618 | D:2      | Reached skill level 1 in Short Blades
  1618 | D:2      | Reached skill level 1 in Long Blades
  1618 | D:2      | Reached skill level 1 in Maces & Flails
  1618 | D:2      | Reached skill level 1 in Polearms
  1618 | D:2      | Reached skill level 1 in Staves
  1618 | D:2      | Reached skill level 1 in Slings
  1618 | D:2      | Reached skill level 1 in Bows
  1618 | D:2      | Reached skill level 1 in Crossbows
  1618 | D:2      | Reached skill level 1 in Throwing
  1618 | D:2      | Reached skill level 1 in Dodging
  1618 | D:2      | Reached skill level 1 in Stealth
  1618 | D:2      | Reached skill level 1 in Unarmed Combat
  1618 | D:2      | Reached skill level 1 in Spellcasting
  1618 | D:2      | Reached skill level 1 in Evocations
  1618 | D:2      | Reached XP level 4. HP: 41/41 MP: 5/5
  1960 | D:3      | HP: 2/41 [orc priest/mace (3)]
  1961 | D:3      | Reached skill level 1 in Conjurations
  1961 | D:3      | Reached skill level 1 in Hexes
  1961 | D:3      | Reached skill level 1 in Charms
  1961 | D:3      | Reached skill level 1 in Summonings
  1961 | D:3      | Reached skill level 1 in Necromancy
  1961 | D:3      | Reached skill level 1 in Translocations
  1961 | D:3      | Reached skill level 1 in Transmutations
  1961 | D:3      | Reached skill level 1 in Fire Magic
  1961 | D:3      | Reached skill level 1 in Ice Magic
  1961 | D:3      | Reached skill level 1 in Air Magic
  1961 | D:3      | Reached skill level 1 in Earth Magic
  1961 | D:3      | Reached skill level 1 in Poison Magic
  1961 | D:3      | Succumbed to an orc wizard's poison

Skill      XL: |  1  2  3  4 |
---------------+-------------+-----
Invocations    | 1 |  1.4
Short Blades   | 1 |  1.2
Long Blades    | 1 |  1.2
Maces & Flails | 1 |  1.2
Polearms       | 1 |  1.2
Staves         | 1 |  1.2
Slings         | 1 |  1.2
Bows           | 1 |  1.2
Crossbows      | 1 |  1.2
Throwing       | 1 |  1.2
Dodging        | 1 |  1.2
Stealth        | 1 |  1.2
Unarmed Combat | 1 |  1.2
Spellcasting   | 1 |  1.2
Evocations     | 1 |  1.2
Conjurations   | 1 |  1.0
Hexes          | 1 |  1.0
Charms         | 1 |  1.0
Summonings     | 1 |  1.0
Necromancy     | 1 |  1.0
Translocations | 1 |  1.0
Transmutations | 1 |  1.0
Fire Magic     | 1 |  1.0
Ice Magic      | 1 |  1.0
Air Magic      | 1 |  1.0
Earth Magic    | 1 |  1.0
Poison Magic   | 1 |  1.0
Fighting       | |  6.6
Axes           | |  4.7
Armour         | |  6.6
Shields        | |  6.6

Action                   |  1- 3 |  4- 6 || total
-------------------------+-------+-------++-------
Melee: War axe           |    96 |    35 ||   131
       Bite              |     8 |     5 ||    13
  Eat: Chunk             |     2 |     1 ||     3
Armor: Scale mail        |    31 |    14 ||    45
Dodge: Dodged            |    43 |    16 ||    59
Block: Shield            |    76 |    20 ||    96
